 Dungeon Crawl Stone Soup version 0.28.0-43-g3370ac3207 (webtiles) character file.

Game seed: 3938408185755504990

6146 tizbic2 the Martial Artist (level 10, -2/68 HPs)
             Began as an Octopode Transmuter on Mar 5, 2022.
             Was an Elder of the Shining One.
             Slain by a troll (17 damage)
             ... on level 9 of the Dungeon.
             The game lasted 00:45:49 (9154 turns).

tizbic2 the Martial Artist (Octopode Transmuter)    Turns: 9154, Time: 00:45:50

Health: -2/68      AC:  2    Str: 11    XL:     10   Next: 90%
Magic:  27/27      EV: 16    Int: 15    God:    the Shining One [****..]
Gold:   200        SH:  0    Dex: 16    Spells: 7/20 levels left

rFire   + . .      SeeInvis .   q - +8 frozen axe "Frostbite" {freezing cloud, *Noise Fly rC+}
rCold   + + .      Faith    .   (shield currently unavailable)
rNeg    + + .      Spirit   .   z - +1 hat
rPois   .          Reflect  .   (no amulet)
rElec   .          Harm     .   d - ring of wizardry
rCorr   .          Rampage  .   o - ring of magical power
Will    .....                   a - ring of protection from cold
Stlth   +.........              v - ring of protection from fire
HPRegen 0.21/turn               (no ring)
MPRegen 0.20/turn               (no ring)
                                (no ring)
                                (no ring)

@: wereblooded, flying, slowed, glowing, very slow
A: almost no armour, amphibious, 8 rings, camouflage 1, gelatinous body 1,
(nimble swimmer 1), tentacles
a: Renounce Religion, Divine Shield, Cleansing Flame


You were on level 9 of the Dungeon.
You worshipped the Shining One.
The Shining One was greatly pleased with you.
You visited 2 branches of the dungeon, and saw 10 of its levels.
You also visited: Bailey.

You collected 389 gold pieces.
You spent 189 gold pieces at shops.

Inventory:

Hand Weapons
 q - the +8 frozen axe "Frostbite" (weapon) {freezing cloud, *Noise Fly rC+}
   (You found it on level 8 of the Dungeon)

   It freezes those it strikes, dealing additional cold damage.
   It can also slow down cold-blooded creatures.
   It occasionally leaves clouds of freezing vapour upon striking a foe.
   It grants immunity to clouds of freezing vapour.
   rC:        It protects you from cold.
   Fly:       It grants you flight.
   *Noise:    It may make noises in combat.
Missiles
 c - 197 stones (quivered)
 r - 2 boomerangs of dispersal
 t - 3 javelins
 D - 3 poisoned darts
Armour
 z - a +1 hat (worn)
Jewellery
 a - a ring of protection from cold (on tentacle)
 d - a ring of wizardry (left tentacle)
 o - a ring of magical power (right tentacle)
 v - a ring of protection from fire (on tentacle)
Wands
 n - a wand of flame (4)
 s - a wand of mindburst (20)
 F - a wand of polymorph (10)
Scrolls
 b - 2 scrolls of immolation {unknown}
 e - a scroll of silence
 h - 2 scrolls of teleportation
 j - 3 scrolls of amnesia
 k - 2 scrolls of fog
 u - 2 scrolls of identify
 x - a scroll of enchant weapon {unknown}
 y - a scroll of blinking {unknown}
 C - a scroll of holy word {unknown}
Potions
 f - a potion of lignification {unknown}
 g - a potion of haste {unknown}
 i - a potion of heal wounds {unknown}
 l - 2 potions of cancellation {unknown}
 m - a potion of curing {unknown}
 p - a potion of invisibility {unknown}
 A - a potion of might
 B - 2 potions of brilliance
Miscellaneous
 w - a piece from Xom's chessboard (15/15)


   Skills:
 - Level 6.1 Fighting
 * Level 1.4 Axes
 - Level 6.3 Dodging
 - Level 9.2 Unarmed Combat
 - Level 5.9 Spellcasting
 - Level 6.0 Transmutations
 - Level 3.2 Ice Magic
 - Level 5.2 Invocations


You had 7 spell levels left.
You knew the following spells:

 Your Spells              Type           Power      Damage    Failure   Level
a - Beastly Appendage     Tmut           44%        N/A       1%          1
b - Spider Form           Tmut/Pois      13%        N/A       5%          3
c - Ice Form              Ice/Tmut       18%        N/A       9%          4
d - Wereblood             Tmut           22%        N/A       1%          2
e - Ozocubu's Armour      Ice            14%        N/A       4%          3

Your spell library contained the following spells:

 Spells                   Type           Power      Damage    Failure   Level
 Animate Skeleton         Necr           8%         N/A       6%          1
 Magic Dart               Conj           16%        1d3       6%          1
 Pain                     Necr           16%        1d4       6%          1
 Call Imp                 Summ           4%         N/A       9%          2
 Gell's Gravitas          Tloc           4%         N/A       17%         3
 Mephitic Cloud           Conj/Pois/Air  4%         N/A       17%         3
 Teleport Other           Tloc           4%         N/A       17%         3
 Vampiric Draining        Necr           4%         2d6       17%         3
 Metabolic Englaciation   Hex/Ice        4%         N/A       61%         5
 Simulacrum               Ice/Necr       4%         N/A       98%         6
 Dispersal                Tloc           2%         N/A       100%        6


Dungeon Overview and Level Annotations

Branches:
Dungeon (9/15)             Temple (1/1) D:4          Bailey (visited)
   Lair: D:8-11         Orc: D:9-12

Altars:
Ashenzari
Cheibriados
Dithmenos
Elyvilon
Fedhas
Gozag
Hepliaklqana
Kikubaaqudgha
Makhleb
Okawaru
Qazlal
Ru
Sif Muna
Trog
Uskayaw
Vehumet
Wu Jian
Xom
Yredelemnul
Zin
The Shining One

Shops:
D:6 [


Innate Abilities, Weirdness & Mutations

You cannot wear most types of armour.
You are amphibious.
You can wear up to eight rings at the same time.
Your skin changes colour to match your surroundings (Stealth+).
Your rubbery body absorbs attacks. (AC +1, EV +1)
((You are camouflaged when in or above water. (Stealth+)))
You have tentacles for arms and can constrict up to eight enemies at once.


Message History

The puff of flame hits you. You resist.
You slice the orc warrior!! You freeze the orc warrior.
You grab the orc warrior. You squeeze the orc warrior.
You feel a bit better.
You kill the orc warrior!
The orc hits you with a +0 club. The orc wizard barely misses you.
Your Axes skill increases to level 1!
You slash the orc! You freeze the orc.
You feel a bit better.
You kill the orc!
You hit the orc wizard. You freeze the orc wizard.
You howl as the wereblood boils in your veins!
The orc wizard barely misses you. The orc priest hits you with a +0 mace.
The wraith closely misses you.
You hit the wraith but do no damage. You tentacle-slap the wraith.
The wraith is lightly damaged.
You slice the orc priest!! You freeze the orc priest.
You feel a bit better.
You kill the orc priest!
The Shining One accepts your kill.
You slash the orc wizard! You freeze the orc wizard.
You feel a bit better.
You kill the orc wizard!
The wraith misses you.
A troll comes into view.
The wraith hits you!
You slash the wraith! You freeze the wraith.
The wraith is moderately damaged.
The wraith barely misses you. The wraith hits you.
The wraith drains your vigour!
You feel yourself slow down.
You slash the wraith! Your squeeze misses the wraith.
The wraith is severely damaged.
You howl as the wereblood boils in your veins!
The wraith closely misses you. The troll bites you! The troll misses you.
The troll claws you! The wraith completely misses you.
The troll closely misses you. The troll claws you.
* * * LOW HITPOINT WARNING * * *
The troll claws you.
* * * LOW HITPOINT WARNING * * *
The wraith closely misses you.
You hit the wraith but do no damage.
The wraith is severely damaged.
You slash the troll! You freeze the troll. The troll bites you!
You die...

#.....#
+.....#
#.....#
####'## #.#
#.#
#######'####
#..........#
#.....W@...#
'.....))T..#
#....$.....#
#..........#
#............
#..........##.
#..........# .
############


You could see a troll and a wraith.

Vanquished Creatures
  A vault guard (D:7)
  A freezing wraith (D:8)
  3 ice devils (D:8)
  Grinder (D:4)
  3 humans (Bailey)
  A steam dragon (D:8)
  An acid dragon (D:8)
  A black bear (D:4)
  3 orc warriors
  2 hornet zombies (D:8)
  4 ogres
  A necrophage (D:8)
  2 centaurs
  2 phantoms
  A gnoll sergeant (D:7)
  10 bullfrogs
  2 scorpions (D:5)
  A water moccasin zombie (D:5)
  A water moccasin skeleton (D:5)
  14 wights
  3 vampire bats (D:8)
  A centaur zombie (D:6)
  2 hounds (D:4)
  A jelly (D:7)
  2 centaur skeletons (D:6)
  3 orc priests
  3 iguanas
  Natasha (thrice) (D:2)
  3 orc wizards
  A killer bee zombie (D:5)
  A hound skeleton (D:5)
  A mummy (D:5)
  14 gnolls
  3 adders
  A shadow imp (D:5)
  7 white imps (D:8)
  An ufetubus (D:5)
  An adder skeleton (D:4)
  A worm (D:1)
  2 dart slugs (D:2)
  24 orcs
  2 bats
  4 bat skeletons (D:8)
  A bat zombie (D:8)
  4 endoplasms
  A giant cockroach (D:1)
  5 hobgoblins
  4 quokkas
  6 ball pythons
  2 frilled lizards (D:3)
  8 goblins
  9 kobolds
  2 rats (D:3)
181 creatures vanquished.

Vanquished Creatures (others)
  An orc (D:8)
1 creature vanquished.

Grand Total: 182 creatures vanquished

Notes
Turn   | Place    | Note
-------+----------+-------------------------------------------
     0 | D:1      | tizbic2 the Octopode Transmuter began the quest for the
                  | Orb.
     0 | D:1      | Reached XP level 1. HP: 13/13 MP: 3/3
   758 | D:1      | Reached XP level 2. HP: 10/18 MP: 3/5
   910 | D:2      | Noticed Natasha
   917 | D:2      | Noticed a crimson imp
   918 | D:2      | Killed Natasha
   919 | D:2      | Reached XP level 3. HP: 11/23 MP: 4/6
  1095 | D:2      | Noticed Natasha
  1105 | D:2      | Killed Natasha
  1106 | D:2      | Reached skill level 1 in Ice Magic
  1106 | D:2      | Reached XP level 4. HP: 20/28 MP: 5/7
  1135 | D:2      | Learned a level 3 spell: Spider Form
  1364 | D:2      | Noticed Natasha
  1370 | D:2      | Killed Natasha
  2154 | D:2      | Found a faded altar of an unknown god.
  2189 | D:2      | Prayed at the altar of an unknown god.
  2189 | D:2      | Became a worshipper of Elyvilon the Healer
  2189 | D:2      | Reached * piety under Elyvilon
  2315 | D:3      | Reached XP level 5. HP: 29/34 MP: 8/8
  2460 | D:3      | Noticed a phantom
  2483 | D:3      | Found a sacrificial altar of Ru.
  2509 | D:3      | Learned a level 4 spell: Ice Form
  2557 | D:3      | Killed a phantom
  2558 | D:3      | Reached skill level 4 in Unarmed Combat
  2579 | D:3      | Found a white marble altar of Elyvilon.
  2622 | D:3      | Reached XP level 6. HP: 3/39 MP: 2/9
  3061 | D:3      | Learned a level 2 spell: Wereblood
  3098 | D:3      | HP: 1/46 [gnoll/+0 flail (4)]
  3527 | D:4      | Found a shadowy altar of Dithmenos.
  3528 | D:4      | Noticed Grinder
  3544 | D:4      | Paralysed by Grinder for 4 turns
  3550 | D:4      | Killed Grinder
  3551 | D:4      | Reached XP level 7. HP: 14/45 MP: 8/11
  3766 | D:4      | Reached ** piety under Elyvilon
  3950 | D:4      | Found a staircase to the Ecumenical Temple.
  3954 | Temple   | Entered the Ecumenical Temple
  3976 | Temple   | Fell from the grace of Elyvilon
  3976 | Temple   | Became a worshipper of the Shining One
  4077 | D:4      | Found a shimmering blue altar of Sif Muna.
  4542 | D:4      | Found an iron altar of Okawaru.
  4557 | D:5      | Entered Level 5 of the Dungeon
  4560 | D:5      | Reached * piety under the Shining One
  4571 | D:5      | Reached skill level 5 in Unarmed Combat
  4718 | D:5      | Found a blossoming altar of Fedhas.
  4829 | D:5      | Found a snail-covered altar of Cheibriados.
  4872 | D:5      | Reached XP level 8. HP: 52/52 MP: 11/13
  4902 | D:5      | Reached skill level 5 in Transmutations
  5746 | D:6      | Learned a level 3 spell: Ozocubu's Armour
  5859 | D:6      | Reached skill level 6 in Unarmed Combat
  5882 | D:6      | Found a shimmering altar of Xom.
  5883 | D:6      | Reached ** piety under the Shining One
  5897 | D:6      | Reached skill level 1 in Invocations
  5934 | D:6      | Found Dibbaw's Antique Armour Shoppe.
  5943 | D:6      | Reached XP level 9. HP: 42/58 MP: 15/15
  5951 | D:6      | Bought a glowing hat for 189 gold pieces
  5977 | D:6      | Found a basalt altar of Yredelemnul.
  6743 | D:7      | Found a flagged portal.
  6757 | Bailey   | Entered a bailey
  6778 | Bailey   | Reached skill level 7 in Unarmed Combat
  6788 | Bailey   | Reached skill level 5 in Dodging
  6853 | Bailey   | Noticed a vault guard
  6853 | Bailey   | Noticed Prince Ribbit
  7113 | D:7      | Reached skill level 5 in Fighting
  7113 | D:7      | Reached skill level 5 in Spellcasting
  7252 | D:7      | Killed a vault guard
  7253 | D:7      | Reached skill level 8 in Unarmed Combat
  7253 | D:7      | Reached XP level 10. HP: 22/66 MP: 17/17
  7640 | D:8      | Reached *** piety under the Shining One
  7679 | D:8      | HP: 2/80 [hornet zombie (10)]
  8079 | D:8      | Found an ornate altar of the Wu Jian Council.
  8187 | D:8      | Reached **** piety under the Shining One
  8209 | D:8      | Reached skill level 9 in Unarmed Combat
  8209 | D:8      | Reached skill level 5 in Invocations
  8713 | D:8      | Found the +8 frozen axe "Frostbite" {freezing cloud, *Noise
                  | Fly rC+}
  8916 | D:8      | Found an ancient bone altar of Kikubaaqudgha.
  9150 | D:9      | Reached skill level 1 in Axes
  9154 | D:9      | Slain by a troll

Illustrated notes

Levels and vault maps discovered:
D:1:      minmay_arrival_doors, layout_rooms
D:2:      layout_loops_ring, basic_ecumenical_altar,
          hangedman_decor_diamond_cutter, minmay_misc_feat_rows, uniq_natasha
D:3:      layout_rooms, elyvilon_altar_1, mainiacjoe_overflow_alcove_1
D:4:      layout_loops_cross, nicolae_dithmenos_the_darkroom,
          kennysheep_mini_moat, tgw_sif, minmay_temple_entry_trees, uniq_grinder
D:5:      layout_basic, slow_altar_2, mainiacjoe_overflow_alcove_4
D:6:      layout_gridville, mainiacjoe_overflow_brackets, xom_butterflies,
          serial_shops, nicolae_shop_stone, grunt_decor_fettered
D:7:      layout_cave_pools, enter_bailey_6
D:8:      layout_loops_cross, mainiacjoe_overflow_small_starburst,
          kennysheep_vampire_church, hellmonk_guarded_unrand_frostbite
D:9:      layout_roguey, david_lair_generic, uniq_grum, uniq_erica
Temple:   zaba_magenta_temple

Skill      XL: |  1  2  3  4  5  6  7  8  9 10 |
---------------+-------------------------------+-----
Ice Magic      | 1 2 3 |  3.2
Transmutations | 3 4 5 6 |  6.0
Fighting       | 2 3 5 6 |  6.1
Unarmed Combat | 4 5 6 8 9 |  9.2
Dodging        | 3 4 5 6 |  6.3
Spellcasting   | 3 4 5 |  5.9
Invocations    | 1 4 5 |  5.2
Axes           | 1 |  1.4

Action                   |  1- 3 |  4- 6 |  7- 9 | 10-12 || total
-------------------------+-------+-------+-------+-------++-------
Melee: Club              |    23 |    10 |       |       ||    33
       Kick              |    11 |     9 |    14 |       ||    34
       Constrict         |     7 |    11 |    10 |     9 ||    37
       Unarmed           |     4 |    65 |   178 |   115 ||   362
       Tentacles         |     7 |    11 |    18 |     8 ||    44
       Dagger            |       |    32 |    15 |       ||    47
       Spear             |       |     1 |    29 |       ||    30
       Punch             |       |       |     5 |     2 ||     7
       Morningstar       |       |       |    14 |     2 ||    16
       Executioner's axe |       |       |       |    14 ||    14
Throw: Stone             |     2 |     3 |       |       ||     5
 Cast: Beastly Appendage |    10 |    11 |    10 |     1 ||    32
       Spider Form       |       |    13 |    20 |       ||    33
       Ice Form          |       |     3 |     7 |     5 ||    15
       Wereblood         |       |     1 |     8 |     4 ||    13
       Ozocubu's Armour  |       |       |     6 |     4 ||    10
Invok: Purification      |       |     1 |       |       ||     1
       Divine Shield     |       |       |       |     1 ||     1
 Abil: End Transformatio |       |     1 |     2 |       ||     3
Evoke: Wand              |       |       |     1 |       ||     1
  Use: Scroll            |       |     4 |     5 |     1 ||    10
       Potion            |       |       |     3 |       ||     3
 Stab: Sleeping          |     2 |     4 |     1 |       ||     7
Armor: Skin              |     2 |     7 |    33 |    35 ||    77
Dodge: Dodged            |    16 |    82 |   266 |    68 ||   432
Block: Other             |       |       |       |     2 ||     2
